 Dungeon Crawl Stone Soup version 0.26-a0-649-gf8c6c3aab7 (webtiles) character file.

Game seed: 7225735530479107365

292686 smeego the Unseen (level 21, -2/147 HPs)
             Began as an Octopode Fighter on Sept 27, 2020.
             Was the Champion of Dithmenos.
             Slain by an orc warrior
             ... wielding a +0 glaive
             ... led by an orc high priest
              (19 damage)
             ... while paralysed by an orc sorcerer
             ... on level 1 of the Elven Halls on Sept 28, 2020.
             The game lasted 01:59:07 (55411 turns).

smeego the Unseen (Octopode Fighter)               Turns: 55411, Time: 01:59:07

Health: -2/147     AC: 15    Str: 23    XL:     21   Next: 19%
Magic:  24/24      EV:  2    Int: 12    God:    Dithmenos [******]
Gold:   4366       SH:  0    Dex: 15    Spells: 18/20 levels left

rFire    + . .     SeeInvis +   V - +3 double sword (vorpal)
rCold    + . .     Faith    .   b - +4 kite shield
rNeg     + . .     Spirit   .   F - +2 hat
rPois    +         Reflect  +   y - amulet of reflection
rElec    +         Harm     .   w - ring of positive energy
rCorr    +         Rampage  .   c - +4 ring of protection
MR       ++...                  h - ring of protection from magic
Stlth    ++++++++++             Y - ring of Lajiedat {rElec rPois Dex+3 SInv}
HPRegen  0.34/turn              n - ring of resist corrosion
MPRegen  0.19/turn              D - ring of protection from fire
                                J - ring of protection from cold
                                N - +4 ring of protection

@: paralysed, wreathed by umbra, studying Throwing
A: almost no armour, stealthy swim, amphibious, 8 rings, constrict 8, icy blue
scales 1, slimy green scales 1, camouflage 1, gelatinous body 1
}: 1/15 runes: decaying
a: Shadow Step, Shadow Form, Renounce Religion


You were on level 1 of the Elven Halls.
You worshipped Dithmenos.
Dithmenos was exalted by your worship.
You visited 7 branches of the dungeon, and saw 33 of its levels.
You visited the Abyss 1 time.
You visited 1 bazaar.
You also visited: Wizlab.

You collected 4778 gold pieces.
You spent 412 gold pieces at shops.

Inventory:

Hand Weapons
 s - a +5 scimitar of flaming
 P - the +8 dagger of Sin {vorpal, Str+4 Dex+2}
   (You found it on level 2 of the Swamp)

   It inflicts extra damage upon your enemies.
   It affects your strength (+4).
   It affects your dexterity (+2).
 V - a +3 vorpal double sword (weapon)
Missiles
 g - 2 datura-tipped darts
 j - 15 javelins (quivered)
 o - 10 boomerangs of dispersal
 t - 28 boomerangs
 I - 15 curare-tipped darts
Armour
 b - a +4 kite shield (worn)
 F - a +2 hat (worn)
Jewellery
 c - a +4 ring of protection (right tentacle)
 h - a ring of protection from magic (on tentacle)
 n - a ring of resist corrosion (on tentacle)
 w - a ring of positive energy (left tentacle)
 y - an amulet of reflection (around mantle)
 D - a ring of protection from fire (on tentacle)
 J - a ring of protection from cold (on tentacle)
 K - a +4 ring of slaying {unknown}
 N - a +4 ring of protection (on tentacle)
 Q - an uncursed ring of positive energy
 Y - the ring of Lajiedat (on tentacle) {rElec rPois Dex+3 SInv}
   (You found it on level 15 of the Dungeon)

   [ring of poison resistance]

   It affects your dexterity (+3).
   It insulates you from electricity.
   It protects you from poison.
   It lets you see invisible.
Wands
 i - a wand of disintegration (35)
 l - a wand of enslavement (30)
 q - a wand of acid (8)
 x - a wand of paralysis (15)
 z - a wand of flame (47)
 U - a wand of digging (10)
Scrolls
 e - 3 scrolls of teleportation
 p - 15 scrolls of remove curse
 r - a scroll of fear
 C - a scroll of magic mapping
 M - a scroll of blinking
 T - a scroll of identify
 W - 3 scrolls of fog
Potions
 d - 2 potions of ambrosia
 f - 10 potions of curing
 k - 10 potions of brilliance
 m - a potion of invisibility
 u - 2 potions of might
 v - 6 potions of cancellation
 A - 9 potions of flight
 H - 4 potions of stabbing
 S - 2 potions of haste
 X - 3 potions of heal wounds
Books
 G - a manual of Throwing
Miscellaneous
 a - a condenser vane (2/2)
 B - a lightning rod (4/4)
 E - a tin of tremorstones (3/3)
 L - a phial of floods (inert)
 O - a phantom mirror
 Z - a box of beasts (3/3)


   Skills:
 + Level 13.6 Fighting
 + Level 14.0 Long Blades
 + Level 14.5 Throwing
 + Level 13.7 Dodging
 + Level 18.1 Stealth
 + Level 13.6 Shields
 + Level 13.3 Unarmed Combat
 - Level 5.2 Invocations
 + Level 13.9 Evocations


You had 18 spell levels left.
You knew the following spells:

 Your Spells              Type           Power        Failure   Level
a - Blink                 Tloc           N/A          52%         2

Your spell library contained the following spells:

 Spells                   Type           Power        Failure   Level
 Corona                   Hex            #......      36%         1
 Sandblast                Erth           #.....       36%         1
 Shock                    Conj/Air       #...         36%         1
 Ensorcelled Hibernation  Hex/Ice        #.....       52%         2
 Passwall                 Tmut/Erth      #.......     52%         2
 Slow                     Hex            #.......     52%         2
 Sublimation of Blood     Necr           #.........   52%         2
 Swiftness                Air            #.......     52%         2
 Confusing Touch          Hex            #.......     75%         3
 Gell's Gravitas          Tloc           #.........   75%         3
 Ignite Poison            Fire/Tmut/Pois #.......     75%         3
 Inner Flame              Hex/Fire       #.......     75%         3
 Lesser Beckoning         Tloc           #.........   75%         3
 Portal Projectile        Hex/Tloc       #.....       75%         3
 Static Discharge         Conj/Air       #.......     75%         3
 Stone Arrow              Conj/Erth      #.....       75%         3
 Teleport Other           Tloc           #.......     75%         3
 Airstrike                Air            #.........   98%         4
 Cause Fear               Hex            #.........   98%         4
 Leda's Liquefaction      Hex/Erth       #.........   98%         4
 Passage of Golubria      Tloc           N/A          98%         4
 Petrify                  Tmut/Erth      #.......     98%         4
 Alistair's Intoxication  Tmut/Pois      #........    100%        5
 Borgnjor's Vile Clutch   Necr/Erth      #.........   100%        5
 Irradiate                Conj/Tmut      #.........   100%        5
 Lee's Rapid Deconstruct  Erth           #.........   100%        5
 Lightning Bolt           Conj/Air       #.........   100%        5
 Metabolic Englaciation   Hex/Ice        #.........   100%        5
 Silence                  Hex/Air        #.........   100%        5
 Summon Demon             Summ           #.........   100%        5
 Summon Forest            Summ/Tloc      #.........   100%        5
 Summon Mana Viper        Hex/Summ       #.......     100%        5
 Yara's Violent Unravell  Hex/Tmut       #.........   100%        5
 Dispersal                Tloc           #.........   100%        6
 Eringya's Noxious Bog    Tmut/Pois      #.........   100%        6
 Shadow Creatures         Summ           N/A          100%        6
 Summon Hydra             Summ           #.........   100%        7
 Discord                  Hex            #.........   100%        8
 Disjunction              Tloc           #.........   100%        8
 Shatter                  Erth           #.........   100%        9


Dungeon Overview and Level Annotations

Branches:
Dungeon (15/15)            Temple (1/1) D:6            Lair (6/6) D:10
  Swamp (4/4) Lair:4       Spider (0/4) Lair:2        Slime (0/5) Lair:6
    Orc (2/2) D:11            Elf (1/3) Orc:2        Vaults (4/5) D:13
  Crypt (0/3) Vaults:3     Depths (0/5) D:15         WizLab (visited)

Altars:
Ashenzari
Cheibriados
Dithmenos
Elyvilon
Gozag
Kikubaaqudgha
Makhleb
Nemelex Xobeh
Okawaru
Trog
Vehumet
Wu Jian
Xom
Zin
The Shining One
Beogh

Shops:
D:5 [   D:14 *   Orc:2 *[=(

Annotations:
D:4 2 transporters, 1 runed translucent door, Crazy Yiuf; Creed's ghost, amateur MiFi
D:9 exclusions: ice statue and obsidian statue
D:10 2 transporters, Midn8's ghost, journeyman TeAE
D:11 1 runed translucent door, Greyr's ghost, novice DDNe
D:14 1 runed translucent door, Agnes; Axipewex's ghost, journeyman OgTm
Lair:4 exclusion: 2 oklob plants


Innate Abilities, Weirdness & Mutations

You cannot wear most types of armour.
You are very stealthy in the water. (Stealth+)
You are amphibious.
You can wear up to eight rings at the same time.
You can use your tentacles to constrict eight enemies at once.
Your skin changes colour to match your surroundings (Stealth+).
Your rubbery body absorbs attacks. (AC +1, EV +1)
You are partially covered in icy blue scales. (AC +2)
You are partially covered in slimy green scales. (AC +2)


Message History

You suddenly lose the ability to move!
You lose your grip on the orc sorcerer.
You lose your grip on the orc high priest.
The sun demon hits you!
You are engulfed in flames.
You resist. The sixfirhy hits you. The sixfirhy shocks you. You resist.
The sixfirhy hits you but does no damage. x2
The orc warrior hits you from afar with a +0 glaive!!
You emit a cloud of dark smoke.
The sixfirhy hits you but does no damage.
The orc high priest hits you with a +0 halberd.
The orc warrior hits you with a +0 battleaxe!!
* * * LOW HITPOINT WARNING * * *
You emit a cloud of dark smoke.
The sun demon hits you!
* * * LOW HITPOINT WARNING * * *
You are engulfed in flames.
You resist.
* * * LOW HITPOINT WARNING * * *
The orc sorcerer hits you but does no damage.
The orc warrior barely misses you.
The sixfirhy hits you but does no damage.
The orc warrior hits you from afar with a +0 glaive!!
You die...

##.....##.##...#.#####.
##....###......## ##.#
##...####.....# ##.##
##.....##.....###.##*
#....(..#......#.##**
#....)..#....?#.## *,
#.§§T.)..#.....#.###.
#.4o33§..####..##.##.
*#.§o@o§..#*#.##.##.#.
*#..oo§§§#..#.####.##..
#...######.#.#*.....##.
*#...******............#
*#...,,,,,,..#.....)....#
**.#..,*****#.*..,.......(
*,**,,,,** *,*,,,........
*,***,**,** *,*,,,.....(.#
*,* *****,***,*,,,.......*


You could see an orc high priest, a sun demon (summoned), a rust devil
(summoned), a troll, a sixfirhy (summoned), an orc sorcerer and 3 orc warriors.

Vanquished Creatures
  Bai Suzhen (Swamp:4)
  A tentacled monstrosity (Swamp:2)
  2 tentacled starspawn
  Frances (D:14)
  2 sphinxes
  3 thorn hunters
  Kirke (Swamp:4)
  A shadow dragon (Vaults:1)
  2 tengu reavers (Vaults:4)
  Donald (Elf:1)
  An orc warlord (Orc:2)
  12 vault wardens
  A deep elf sorcerer (Vaults:2)
  Aizul (Swamp:3)
  A draconian scorcher (Abyss:2)
  A fire giant (Vaults:4)
  A frost giant (Vaults:4)
  A draconian shifter (WizLab)
  A very ugly thing (Swamp:4)
  3 stone giants
  17 ironheart preservers
  3 entropy weavers
  3 deep elf demonologists
  13 starcursed masses
  A deep elf annihilator (Vaults:3)
  2 dire elephants (Lair:5)
  4 ettins
  2 deep elf death magi
  4 great orbs of eyes
  14 yaktaur captains
  Fannar (Lair:1)
  2 rakshasas (Vaults:2)
  Harold (D:7)
  3 ice dragons
  7 centaur warriors
  A merfolk avatar (Lair:6)
  14 vault guards
  2 ghost crabs
  24 hydras
  20 two-headed ogres
  19 alligators
  3 shambling mangroves
  Erica (Lair:1)
  3 death knights
  3 orc high priests
  A vampire mage (Vaults:3)
  15 ogre magi
  A deep troll earth mage (Vaults:3)
  A deep troll shaman (Vaults:2)
  4 hell hogs (Abyss:2)
  Urug (Orc:2)
  4 dancing weapons (Elf:1)
  A spriggan berserker (Swamp:4)
  2 thrashing horrors
  A soul eater (Abyss:2)
  13 deep elf knights
  A fire crab (Lair:6)
  2 sixfirhies (Abyss:2)
  A wretched star (Abyss:2)
  3 shadow wraiths
  13 skeletal warriors
  4 wizards
  2 sea snakes (Lair:6)
  9 deep trolls
  3 spriggan druids
  Pikel (D:7)
  An anaconda skeleton (Abyss:2)
  14 swamp dragons
  2 glowing orange brains
  2 phantasmal warriors
  An obsidian statue (WizLab)
  2 harpies
  11 ironbrand convokers
  7 deep elf archers
  19 orc knights
  5 orc sorcerers
  14 ugly things
  5 wolf spiders
  An orb spider (shapeshifter) (Vaults:1)
  23 deep elf magi
  2 manticores
  11 slime creatures
  24 elephants
  3 cyclopes
  3 worldbinders
  A black mamba (shapeshifter) (Abyss:2)
  8 vault sentinels
  5 black mambas
  A rust devil (Abyss:2)
  4 smoke demons
  5 torpor snails (Lair:1)
  A kobold demonologist (D:12)
  3 rime drakes
  18 cane toads
  A komodo dragon (shapeshifter) (Vaults:3)
  8 freezing wraiths
  28 yaktaurs
  6 komodo dragons
  An ice devil (WizLab)
  A tengu conjurer (D:15)
  2 ancient zymes
  7 jumping spiders
  A polar bear (shapeshifter) (Vaults:3)
  8 trolls
  A meliai (shapeshifter) (Vaults:2)
  4 wind drakes
  A red devil (Abyss:2)
  14 hornets
  A hornet (shapeshifter) (Vaults:1)
  6 polar bears (Lair:6)
  9 tyrant leeches
  9 blink frogs
  A spriggan zombie (D:15)
  4 raiju (Abyss:2)
  8 hippogriffs
  16 bog bodies
  7 spriggans
  A frost giant simulacrum (Abyss:2)
  A human simulacrum (Vaults:3)
  4 redbacks
  A tarantella (Vaults:4)
  7 wyverns
  An ettin zombie (Abyss:2)
  A tarantella (shapeshifter) (Abyss:2)
  2 wraiths
  2 air elementals
  2 shadows
  3 large abominations (Abyss:2)
  A spriggan (shapeshifter) (Vaults:4)
  A ynoxinul (WizLab)
  A human (shapeshifter) (Vaults:1)
  45 yaks
  A chaos spawn (Abyss:2)
  2 fire elementals
  13 vampire mosquitoes
  8 basilisks
  13 swamp worms
  22 insubstantial wisps
  2 soldier ants
  7 wargs
  A floating eye (shapeshifter) (D:13)
  8 spatial vortices (WizLab)
  4 acid dragons
  11 water moccasins
  A soldier ant (shapeshifter) (Vaults:3)
  7 porcupines
  A hell hound (WizLab)
  15 swamp drakes
  A floating eye (Vaults:1)
  3 ice beasts
  2 sky beasts
  2 black bears
  An infernal demonspawn skeleton (WizLab)
  54 orc warriors
  A phantom (D:6)
  A black bear (shapeshifter) (Abyss:2)
  An ogre (shapeshifter) (D:15)
  35 ogres
  4 wolves (Lair:6)
  8 boggarts
  2 eyes of draining
  27 centaurs
  7 crocodiles
  2 lemures
  9 bullfrogs
  A deep troll simulacrum (Vaults:2)
  A gnoll sergeant (D:7)
  An earth elemental (Elf:1)
  2 scorpions
  6 killer bees
  6 howler monkeys
  23 wights
  A vampire bat (D:11)
  2 crimson imps (WizLab)
  7 centaur zombies
  6 small abominations (Abyss:2)
  5 hounds
  A quasit (D:12)
  A gnoll shaman (D:9)
  2 jellies
  37 orc wizards
  26 orc priests
  A bullfrog skeleton (D:6)
  6 centaur skeletons
  6 iguanas
  Ijyb (D:4)
  15 worker ants
  4 hound skeletons
  2 worker ant zombies
  A howler monkey skeleton (D:9)
  11 gnolls
  5 river rats (D:6)
  24 adders
  2 shadow imps
  5 white imps
  2 ufetubi (D:5)
  An ooze (D:2)
  4 worms
  2 dart slugs
  6 leopard geckos
  103 orcs
  3 ball pythons
  7 giant cockroaches
  6 goblins
  5 hobgoblins
  16 jackals
  4 quokkas
  16 bats
  5 frilled lizards
  7 kobolds
  A quokka zombie (D:6)
  6 rats
  A lurking horror (WizLab)
1383 creatures vanquished.

Vanquished Creatures (collateral kills)
  An ogre mage (Vaults:4)
  A deep elf knight (Vaults:3)
  A swamp dragon (Swamp:4)
  A polar bear (Lair:6)
  A hornet (Swamp:4)
  A blink frog (WizLab)
6 creatures vanquished.

Vanquished Creatures (others)
  An eldritch tentacle (WizLab)
  An alligator (Swamp:3)
  A deep elf knight (Elf:1)
  2 deep elf magi
  A komodo dragon (D:12)
  An ice devil (WizLab)
  A spriggan (Swamp:1)
  6 humans (Swamp:4)
  An orc warrior (Vaults:4)
  7 centaurs (D:12)
  An orc wizard (Orc:1)
  2 orcs (D:12)
  A bush (Lair:3)
  106 fungi
  147 plants
  2 starspawn tentacles (WizLab)
  7 withered plants (D:15)
288 creatures vanquished.

Grand Total: 1677 creatures vanquished

Notes
Turn   | Place    | Note
-------+----------+-------------------------------------------
     0 | D:1      | smeego the Octopode Fighter began the quest for the Orb.
     0 | D:1      | Reached XP level 1. HP: 16/16 MP: 1/1
   149 | D:1      | Reached XP level 2. HP: 17/21 MP: 2/2
   848 | D:2      | Reached XP level 3. HP: 21/26 MP: 3/3
  1169 | D:2      | Reached skill level 1 in Stealth
  1504 | D:2      | Reached XP level 4. HP: 24/31 MP: 4/4
  1676 | D:3      | Reached skill level 1 in Throwing
  1686 | D:3      | Reached skill level 1 in Unarmed Combat
  1811 | D:3      | Reached skill level 2 in Stealth
  1811 | D:3      | Reached XP level 5. HP: 34/36 MP: 5/5
  1992 | D:3      | Found a sparkling altar of Nemelex Xobeh.
  2622 | D:4      | Reached XP level 6. HP: 34/42 MP: 6/6
  2803 | D:4      | Noticed Ijyb
  2817 | D:4      | Killed Ijyb
  3008 | D:4      | Noticed Creed's ghost (amateur MiFi)
  3009 | D:4      | Found a transporter.
  3009 | D:4      | Identified the +9 great mace of the Leaping Sybil {speed,
                  | *Drain +Rage MR+ Int+4}
  3088 | D:4      | Found a glowing silver altar of Zin.
  3088 | D:4      | Found a burning altar of Makhleb.
  3088 | D:4      | Found a shimmering altar of Xom.
  3088 | D:4      | Found a glowing golden altar of the Shining One.
  3088 | D:4      | Found an ornate altar of the Wu Jian Council.
  3088 | D:4      | Found a radiant altar of Vehumet.
  3088 | D:4      | Found an iron altar of Okawaru.
  3088 | D:4      | Found a bloodstained altar of Trog.
  3092 | D:4      | Reached skill level 3 in Stealth
  3357 | D:4      | Reached XP level 7. HP: 47/47 MP: 7/7
  3476 | D:4      | Found a transporter.
  3542 | D:4      | Found a runed translucent door.
  3543 | D:4      | Noticed Crazy Yiuf
  3810 | D:5      | Entered Level 5 of the Dungeon
  3838 | D:5      | Found Icefauso's Antique Armour Shoppe.
  4551 | D:5      | Reached skill level 4 in Stealth
  4551 | D:5      | Reached XP level 8. HP: 27/54 MP: 8/8
  5092 | D:5      | Reached skill level 5 in Long Blades
  5639 | D:6      | Found a staircase to the Ecumenical Temple.
  5666 | Temple   | Entered the Ecumenical Temple
  5770 | Temple   | Became a worshipper of Dithmenos the Shadowed
  5796 | D:6      | Reached skill level 5 in Stealth
  6118 | D:6      | Reached skill level 1 in Invocations
  6158 | D:6      | Reached skill level 1 in Evocations
  6158 | D:6      | Reached XP level 9. HP: 56/60 MP: 9/9
  6738 | D:7      | Reached skill level 5 in Fighting
  6808 | D:7      | Reached * piety under Dithmenos
  6808 | D:7      | Reached skill level 5 in Dodging
  7467 | D:8      | Reached skill level 5 in Shields
  7803 | D:8      | Reached skill level 6 in Stealth
  9492 | D:7      | Reached XP level 10. HP: 60/66 MP: 12/12
  9799 | D:7      | Noticed Pikel
  9799 | D:7      | Noticed Harold
  9806 | D:7      | Killed Pikel
  9828 | D:7      | Killed Harold
  9828 | D:7      | Reached skill level 7 in Stealth
 10457 | D:9      | Noticed an obsidian statue
 10643 | D:9      | Reached ** piety under Dithmenos
 10650 | D:9      | Reached skill level 5 in Throwing
 11490 | D:9      | Reached skill level 5 in Unarmed Combat
 11539 | D:9      | Noticed an ice statue
 11748 | D:10     | Entered Level 10 of the Dungeon
 11807 | D:10     | Found a transporter.
 11811 | D:10     | Noticed Midn8's ghost (journeyman TeAE)
 11924 | D:10     | Gained mutation: Your magical capacity is low. (-10% MP)
                  | [potion of mutation]
 11924 | D:10     | Gained mutation: You tend to lose your temper in combat.
                  | [potion of mutation]
 11924 | D:10     | Gained mutation: You are resistant to hostile enchantments.
                  | (MR+) [potion of mutation]
 12147 | D:10     | Reached XP level 11. HP: 73/73 MP: 12/12
 12353 | D:10     | Reached skill level 8 in Stealth
 12501 | D:10     | Found a transporter.
 12536 | D:10     | Found a staircase to the Lair.
 13010 | D:11     | Noticed a manticore
 13015 | D:11     | Killed a manticore
 13083 | D:11     | Noticed a cyclops
 13090 | D:11     | Reached *** piety under Dithmenos
 13094 | D:11     | Noticed a purple ugly thing
 13097 | D:11     | Killed a cyclops
 13119 | D:11     | Reached skill level 5 in Invocations
 13136 | D:11     | Killed a purple ugly thing
 13258 | D:11     | Found a staircase to the Orcish Mines.
 13281 | D:11     | Found a runed translucent door.
 13285 | D:11     | Noticed Greyr's ghost (novice DDNe)
 13285 | D:11     | Identified the +9 spear "Manasoso" {elec, rElec rC+}
 13286 | D:11     | Noticed a spriggan rider
 13288 | D:11     | Identified the +6 war axe of Qugaoch {vorpal, Int+3}
 13305 | D:11     | Noticed a green ugly thing
 13326 | D:11     | Killed a green ugly thing
 13326 | D:11     | Reached skill level 5 in Evocations
 13792 | D:11     | Found a roughly hewn altar of Beogh.
 14110 | D:12     | Found a flickering gateway to a bazaar.
 14136 | D:12     | Reached **** piety under Dithmenos
 14168 | Bazaar   | Entered a bazaar
 14168 | Bazaar   | Found Ikimmel's Gadget Emporium.
 14168 | Bazaar   | Found Xoehoosh's Antique Weapon Emporium.
 14377 | Bazaar   | Found Rovol's General Store.
 14393 | Bazaar   | Found Nemnag's Antique Armour Boutique.
 14404 | Bazaar   | Found Aleanl Piag's Distillery.
 14451 | Bazaar   | Bought a potion of mutation for 56 gold pieces
 14451 | Bazaar   | Lost mutation: Your magical capacity is low. (-10% MP)
                  | [potion of mutation]
 14451 | Bazaar   | Lost mutation: You tend to lose your temper in combat.
                  | [potion of mutation]
 14451 | Bazaar   | Gained mutation: One of your tentacles bears a spike.
                  | [potion of mutation]
 14451 | Bazaar   | Gained mutation: You are agile. (Dex +2) [potion of
                  | mutation]
 14478 | Bazaar   | Bought a condenser vane (2/2) for 300 gold pieces
 14540 | Bazaar   | Bought a potion of mutation for 56 gold pieces
 14550 | Bazaar   | Lost mutation: One of your tentacles bears a spike. [potion
                  | of mutation]
 14550 | Bazaar   | Lost mutation: You are resistant to hostile enchantments.
                  | (MR+) [potion of mutation]
 14550 | Bazaar   | Lost mutation: You are agile. (Dex +2) [potion of mutation]
 14550 | Bazaar   | Gained mutation: You occasionally shout uncontrollably at
                  | your foes. [potion of mutation]
 14550 | Bazaar   | Gained mutation: Your muscles are strong. (Str +2) [potion
                  | of mutation]
 14852 | D:12     | Reached skill level 9 in Stealth
 15724 | D:12     | Reached XP level 12. HP: 55/81 MP: 15/15
 16503 | D:13     | Noticed a five-headed hydra
 16511 | D:13     | Killed a five-headed hydra
 16856 | D:13     | Identified the +0 robe "Enih Cam" {Int+7 Dex+7}
 17277 | D:13     | Noticed a centaur warrior
 17293 | D:13     | Noticed an ironheart preserver
 17300 | D:13     | Killed an ironheart preserver
 17502 | D:13     | Paralysed by a floating eye for 2 turns
 17509 | D:13     | Paralysed by a floating eye for 4 turns
 17541 | D:13     | Found a gate to the Vaults.
 17905 | Orc:1    | Entered Level 1 of the Orcish Mines
 17906 | Orc:1    | Noticed an orc high priest
 18129 | Lair:1   | Entered Level 1 of the Lair of Beasts
 18158 | Lair:1   | Noticed Fannar
 18158 | Lair:1   | Noticed Erica
 18176 | Lair:1   | Killed Erica
 18176 | Lair:1   | Reached skill level 10 in Stealth
 18186 | Lair:1   | Killed Fannar
 19063 | Lair:1   | Found a snail-covered altar of Cheibriados.
 19216 | Lair:1   | Noticed a four-headed hydra
 19223 | Lair:1   | Killed a one-headed hydra
 19244 | Lair:1   | Noticed a six-headed hydra
 19251 | Lair:1   | Reached XP level 13. HP: 60/88 MP: 16/16
 20421 | Lair:2   | Found a hole to the Spider Nest.
 21085 | Lair:2   | Reached ***** piety under Dithmenos
 21139 | Lair:2   | Reached skill level 11 in Stealth
 23504 | Lair:4   | Found a staircase to the Swamp.
 25253 | Lair:5   | Noticed a dire elephant
 25280 | Lair:5   | Reached XP level 14. HP: 61/97 MP: 17/17
 25292 | Lair:5   | Killed a dire elephant
 25612 | Lair:5   | Noticed a dire elephant
 25678 | Lair:5   | Killed a dire elephant
 26718 | Lair:6   | Entered Level 6 of the Lair of Beasts
 26814 | Lair:6   | Reached skill level 12 in Stealth
 27583 | Lair:6   | Reached skill level 10 in Long Blades
 27623 | Lair:6   | Reached ****** piety under Dithmenos
 28027 | Lair:6   | Lost mutation: Your muscles are strong. (Str +2) [potion of
                  | mutation]
 28027 | Lair:6   | Lost mutation: You occasionally shout uncontrollably at
                  | your foes. [potion of mutation]
 28027 | Lair:6   | Gained mutation: You are partially covered in icy blue
                  | scales. (AC +2) [potion of mutation]
 28027 | Lair:6   | Gained mutation: You are partially covered in slimy green
                  | scales. (AC +2) [potion of mutation]
 28235 | Lair:6   | Found a staircase to the Slime Pits.
 29504 | Orc:1    | Reached XP level 15. HP: 103/103 MP: 18/18
 29869 | Orc:1    | Found a shimmering altar of Xom.
 30130 | Orc:2    | Entered Level 2 of the Orcish Mines
 30131 | Orc:2    | Found Fiwoehoz's Antique Weapon Shop.
 30227 | Orc:2    | Noticed an orc warlord
 30536 | Orc:2    | Killed an orc warlord
 30536 | Orc:2    | Reached skill level 10 in Fighting
 30536 | Orc:2    | Reached skill level 10 in Dodging
 30546 | Orc:2    | Found Vuxetywu's Jewellery Emporium.
 30551 | Orc:2    | Reached skill level 13 in Stealth
 30886 | Orc:2    | Found Alir's Antique Armour Shop.
 30938 | Orc:2    | Noticed Urug
 31025 | Orc:2    | Found Tiluics's General Store.
 31158 | Orc:2    | Killed Urug
 31176 | Orc:2    | Found a staircase to the Elven Halls.
 31182 | Orc:2    | Found a roughly hewn altar of Beogh.
 32267 | D:14     | Noticed Agnes
 32275 | D:15     | Entered Level 15 of the Dungeon
 32494 | D:15     | Found a staircase to the Depths.
 32504 | D:15     | Reached skill level 10 in Shields
 32588 | D:15     | Got a heavily runed brass ring
 32589 | D:15     | Identified the ring of Lajiedat {rElec rPois Dex+3 SInv}
                  | (You found it on level 15 of the Dungeon)
 33249 | D:14     | Found a runed translucent door.
 33250 | D:14     | Found a shimmering altar of Xom.
 33250 | D:14     | Noticed Axipewex's ghost (journeyman OgTm)
 33257 | D:14     | Noticed Frances
 33265 | D:14     | Killed Frances
 33276 | D:14     | Found Gozag's Platinum Reserve.
 33281 | D:14     | Found an opulent altar of Gozag.
 33327 | D:14     | Reached skill level 10 in Throwing
 33375 | D:14     | Reached skill level 10 in Evocations
 33796 | Swamp:1  | Entered Level 1 of the Swamp
 34640 | Swamp:1  | Reached XP level 16. HP: 79/110 MP: 19/19
 35186 | Swamp:2  | Reached skill level 10 in Unarmed Combat
 35208 | Swamp:2  | Got a masterwork dagger
 35209 | Swamp:2  | Identified the +8 dagger of Sin {vorpal, Str+4 Dex+2} (You
                  | found it on level 2 of the Swamp)
 36033 | Swamp:2  | Reached skill level 14 in Stealth
 36371 | Swamp:2  | Noticed a tentacled monstrosity
 36390 | Swamp:2  | Killed a tentacled monstrosity
 36822 | Swamp:3  | Noticed a thorn hunter
 36832 | Swamp:3  | Killed a thorn hunter
 36841 | Swamp:3  | Noticed Aizul
 37772 | Swamp:3  | Killed Aizul
 38349 | Swamp:4  | Entered Level 4 of the Swamp
 38481 | Swamp:4  | Noticed Kirke
 38484 | Swamp:4  | Killed Kirke
 38854 | Swamp:4  | Reached XP level 17. HP: 74/117 MP: 20/20
 39959 | Swamp:4  | Reached skill level 15 in Stealth
 40196 | Swamp:4  | Got a decaying rune of Zot
 40706 | Swamp:4  | Identified Ventirer's Volume of Earth
 40774 | Swamp:4  | Noticed Bai Suzhen
 40795 | Swamp:4  | Killed Bai Suzhen
 41113 | Vaults:1 | Entered Level 1 of the Vaults
 42572 | Vaults:1 | Reached XP level 18. HP: 106/126 MP: 21/21
 43809 | Vaults:1 | HP: 2/126 [stone giant/large rock (24)]
 44942 | Vaults:2 | Reached skill level 16 in Stealth
 46265 | Vaults:2 | Reached XP level 19. HP: 72/132 MP: 22/22
 48527 | Vaults:3 | Reached skill level 17 in Stealth
 49711 | Vaults:3 | Found a staircase to the Crypt.
 49890 | Vaults:4 | Reached XP level 20. HP: 53/140 MP: 16/23
 49894 | Vaults:4 | HP: 6/140 [deep elf archer/+0 short sword[an ironheart
                  | preserver] (31)]
 49950 | Vaults:4 | Noticed a Tzitzimitl
 52563 | Elf:1    | Entered Level 1 of the Elven Halls
 52577 | Elf:1    | Noticed Donald
 52586 | Elf:1    | Killed Donald
 52699 | Elf:1    | Found a magical portal.
 52706 | WizLab   | Entered The Roulette of Golubria
 52706 | WizLab   | Found a transporter.
 52860 | WizLab   | Found a corrupted altar of Lugonu.
 52903 | WizLab   | Found a transporter.
 52917 | WizLab   | Found a transporter.
 52952 | WizLab   | Found a transporter.
 53040 | WizLab   | Found a transporter.
 53227 | WizLab   | Found a transporter.
 53258 | WizLab   | Found a transporter.
 53280 | WizLab   | Found a transporter.
 53316 | WizLab   | Found a transporter.
 53347 | WizLab   | Found a transporter.
 53410 | WizLab   | Found a transporter.
 53410 | WizLab   | Found a transporter.
 53851 | WizLab   | Learned a level 2 spell: Blink
 53856 | WizLab   | Found a transporter.
 53889 | WizLab   | Found a corrupted altar of Lugonu.
 53926 | WizLab   | Found a transporter.
 53926 | WizLab   | Found a transporter.
 53956 | WizLab   | Found a transporter.
 54002 | WizLab   | Found a transporter.
 54002 | WizLab   | Found a transporter.
 54119 | WizLab   | Found a transporter.
 54119 | WizLab   | Found a transporter.
 54132 | WizLab   | Cast into level 2 of the Abyss (spatial vortex)
 54501 | Abyss:2  | Reached XP level 21. HP: 73/146 MP: 24/24
 54525 | Abyss:2  | Found a corrupted altar of Lugonu.
 54756 | Abyss:2  | Reached skill level 18 in Stealth
 55013 | WizLab   | Escaped the Abyss
 55020 | WizLab   | Found a corrupted altar of Lugonu.
 55409 | Elf:1    | Paralysed by an orc sorcerer for 4 turns
 55411 | Elf:1    | Slain by an orc warrior

Illustrated notes

Levels and vault maps discovered:
D:1:      sevenhm_arrival_forest_fort_large_4, layout_basic,
          hangedman_decor_points
D:2:      layout_basic
D:3:      layout_loops_cross, nemelex_xobeh_ov_fountains_minmay, minmay_circle_x
D:4:      layout_basic, grunt_temple_overflow_open, gammafunk_ghost_smash,
          uniq_crazy_yiuf_cottage, uniq_ijyb
D:5:      layout_basic, serial_shops,
          nicolae_shop_temple_entry_statues_fountains
D:6:      layout_basic, temple_fountains, lightli_sewer_entry_pipes
D:7:      layout_loops_ring, kennysheep_cluttered_room, uniq_pikel, uniq_harold
D:8:      layout_basic
D:9:      minmay_separated_statues, layout_cave_pools
D:10:     layout_basic, grunt_lair_entry_orc_guard_hut,
          gammafunk_ghost_stat_death
D:11:     layout_cave_pools, minmay_orc_entry_temple_small,
          ebering_ghost_funeral_grove, roderic_batcave, minmay_variable_closet
D:12:     layout_loops_ring, serial_shops, freezing_bzr
D:13:     layout_roguey, skrybe_vaults_entry_preservation
D:14:     layout_big_octagon, ebering_ghost_xom,
          nicolae_gozag_zags_fifth_avenue, uniq_agnes, uniq_frances
D:15:     gammafunk_depths_entry_grave, layout_basic, minivault_12
Temple:   nicolae_temple_figure_eight
Lair:1:   layout_roguey, kennysheep_snail_temple, uniq_fannar, uniq_erica
Lair:2:   layout_cellular_growth, nicolae_spider_entry_tight_spaces
Lair:3:   minmay_lair_venomous_thicket, layout_misc_corridors
Lair:4:   dpeg_oklob_gauntlet, layout_cave_shapes, skrybe_swamp_entry_bodies
Lair:5:   beast_lair_carwin_large_3, layout_cellular_growth
Lair:6:   gammafunk_lair_ancient_temple, layout_loops_ring, slime_dummy,
          lemuel_fruit_tree, serial_bayou_shore_b
Swamp:1:  layout_basic_swamp, hangedman_swamp_pad, swamp_pool1
Swamp:2:  cheibrodos_swamp_monstrosity, layout_basic_swamp,
          evilmike_swamp_ruin_house_1
Swamp:3:  layout_falls_marsh, evilmike_swamp_ruin_house_6, ldierk_geyser,
          swamp_pool1, uniq_aizul
Swamp:4:  swamp_basic_johnstein, layout_basic_swamp, swamp_pool5, uniq_kirke,
          uniq_bai_suzhen
Orc:1:    layout_caves, basic_altar
Orc:2:    grunt_orc_gardens, layout_caves, grunt_orc_garden, grunt_orc_garden,
          grunt_orc_garden, grunt_orc_garden, minmay_orc_temple_a, uniq_urug
Elf:1:    eino_elf_arrival_shootout, layout_rooms,
          infiniplex_enter_wizlab_spiral, basic_altar, hangedman_elf_disciples,
          uniq_louise, uniq_nikola, uniq_donald
Vaults:1: st_greater_box_3, vaults_mumra_chevron_long, vaults_mumra_lcd,
          layout_vaults_omnigrid
Vaults:2: grunt_vaults_bifocal, nicolae_vaults_big_ls, hangedman_vaults_nodes,
          hangedman_vaults_restitches, grunt_vaults_trifunnel,
          ontoclasm_vaults_gateway, vaults_room_glass_cross,
          vaults_room_semicircle, hangedman_vaults_maws, vaults_dpeg_ring,
          ontoclasm_vaults_spin, vaults_dpeg_hooks, vaults_room_pool,
          layout_vaults_maze_snakey
Vaults:3: v_misc_16, v_misc_27, hangedman_vaults_stretched_pinwheel,
          vaults_dpeg_diagonal, minmay_crypt_entry_simple_corners,
          nicolae_vaults_big_angled_halls, vaults_room_grid,
          nicolae_vaults_three_branches, grunt_vaults_swirl,
          vaults_room_door_hall, dpeg_vaults_monster_box,
          hangedman_vaults_snaps, layout_vaults_ring
Vaults:4: v_pattern_2, v_rooms_2, nicolae_vaults_alarming, v_misc_33,
          hangedman_vaults_maws, nicolae_vaults_border_crossing,
          grunt_vaults_hallway_short, ontoclasm_vaults_hangar,
          layout_vaults_big_cross

Skill      XL: |  1  2  3  4  5  6  7  8  9 10 11 12 13 14 15 16 17 18 19 20 21 |
---------------+----------------------------------------------------------------+-----
Stealth        | 1 2 3 4 5 6 7 9 10 11 12 13 14 15 16 17 18 | 18.1
Throwing       | 1 2 3 4 5 6 7 8 9 10 11 12 13 14 | 14.5
Long Blades    | 3 4 5 6 7 8 9 10 11 12 13 14 | 14.0
Unarmed Combat | 1 2 3 4 5 6 7 8 9 10 11 12 13 | 13.3
Fighting       | 4 5 6 7 8 9 10 11 12 13 | 13.6
Shields        | 4 5 6 7 8 9 10 11 12 13 | 13.6
Dodging        | 4 5 6 7 8 9 10 11 12 13 | 13.7
Invocations    | 1 3 4 5 |  5.2
Evocations     | 1 3 4 5 6 8 9 10 11 12 13 | 13.9

Action                   |  1- 3 |  4- 6 |  7- 9 | 10-12 | 13-15 | 16-18 | 19-21 || total
-------------------------+-------+-------+-------+-------+-------+-------+-------++-------
Melee: Long sword        |    55 |    62 |    57 |   107 |       |       |       ||   281
       Constrict         |    17 |    31 |    55 |    85 |   108 |    72 |    99 ||   467
       Tentacles         |    16 |    24 |    58 |   180 |   291 |   190 |   264 ||  1023
       Punch             |       |     3 |    10 |    34 |   109 |    90 |   129 ||   375
       Dagger            |       |    32 |   279 |   288 |   130 |   110 |    51 ||   890
       Unarmed           |       |       |     1 |     8 |       |       |       ||     9
       Scimitar          |       |       |       |   194 |   702 |    93 |       ||   989
       Double sword      |       |       |       |       |   103 |   415 |   748 ||  1266
Throw: Javelin           |       |       |    17 |    12 |    92 |   194 |    53 ||   368
       Boomerang         |       |       |     2 |     9 |    34 |    36 |       ||    81
       Dart              |       |       |       |       |     7 |     5 |       ||    12
       Throwing net      |       |       |       |       |     1 |       |       ||     1
Invok: Shadow Step       |       |       |       |       |       |       |     4 ||     4
Evoke: Wand              |       |       |     4 |    13 |    14 |     2 |    18 ||    51
       Condenser vane    |       |       |       |     2 |     7 |     7 |     5 ||    21
       Phial of floods   |       |       |       |     2 |     2 |     3 |     4 ||    11
       Box of beasts     |       |       |       |       |       |     2 |       ||     2
       Lightning rod     |       |       |       |       |       |       |    10 ||    10
  Use: Scroll            |     2 |     4 |     8 |    13 |    12 |    10 |     9 ||    58
       Potion            |       |     2 |     7 |    13 |     3 |     3 |     8 ||    36
 Stab: Sleeping          |    11 |    13 |    17 |    38 |    26 |    65 |    63 ||   233
       Distracted        |       |     1 |     4 |     2 |     8 |     7 |     6 ||    28
       Paralysed         |       |       |     1 |     2 |     4 |       |     9 ||    16
       Confused          |       |       |       |     2 |     1 |       |       ||     3
       Held in net/web   |       |       |       |       |     3 |       |       ||     3
       Betrayed ally     |       |       |       |       |       |       |     1 ||     1
Armor: Skin              |     5 |    10 |    47 |    48 |   122 |    80 |    59 ||   371
Dodge: Dodged            |    25 |    43 |   115 |   193 |   382 |   325 |   330 ||  1413
Block: Kite shield       |    20 |    47 |   167 |   437 |   800 |   513 |   629 ||  2613
       Reflection        |       |       |     4 |    26 |    16 |    30 |    49 ||   125
       Rpst.: Long sword |    11 |    18 |     7 |    11 |       |       |       ||    47
       Scimitar          |       |       |       |    20 |    56 |    11 |       ||    87
       Double sword      |       |       |       |       |    17 |    50 |    77 ||   144

Table legend: (Time is in decaauts)
 A = Elapsed time spent in this place.
 B = Non-inter-level travel time spent in this place.
 C = Inter-level travel time spent in this place.
 D = Time resting spent in this place.
 E = Time spent auto-exploring this place.
 F = Levels seen in this place.
 G = Mean time per level.
                   A        B        C        D        E       F      G
               +--------+--------+--------+--------+--------+-----+--------+
         Total |  55053 |  51634 |   3419 |  15581 |  25901 |  36 | 1529.2 |
       Dungeon |  20652 |  18511 |   2141 |   4546 |  10451 |  15 | 1376.8 |
        Temple |    123 |    104 |     19 |      0 |     94 |   1 |  123.0 |
          Lair |  10836 |  10219 |    617 |   3736 |   4907 |   6 | 1806.0 |
         Swamp |   7078 |   6815 |    263 |   2365 |   3123 |   4 | 1769.5 |
  Orcish Mines |   2100 |   1957 |    143 |    247 |   1177 |   2 | 1050.0 |
   Elven Halls |    459 |    459 |      0 |     23 |    221 |   1 |  459.0 |
        Vaults |  11131 |  10898 |    233 |   3848 |   5133 |   4 | 2782.8 |
         Abyss |    831 |    831 |      0 |    289 |     18 |   1 |  831.0 |
        Bazaar |    373 |    373 |      0 |      0 |    256 |   1 |  373.0 |
        Wizlab |   1465 |   1465 |      0 |    526 |    521 |   1 | 1465.0 |
               +--------+--------+--------+--------+--------+-----+--------+

Top non-repeatable levels by time:
Vaults:1: 3769 daAuts
  Lair:5: 3698 daAuts
     D:8: 3033 daAuts
Vaults:2: 2951 daAuts
Vaults:4: 2430 daAuts
    D:11: 2370 daAuts
  Lair:1: 2275 daAuts
 Swamp:3: 2196 daAuts
 Swamp:4: 2160 daAuts
Vaults:3: 1979 daAuts
    D:12: 1835 daAuts
     D:6: 1617 daAuts
    D:10: 1564 daAuts
  WizLab: 1465 daAuts
     D:5: 1444 daAuts
